 Dungeon Crawl Stone Soup version 0.24.0-37-gcf1ca852f1 (webtiles) character file.

Game seed: 13327773909402871193, levelgen mode: deterministic

148 FishyPogo the Charmwright (level 5, -7/38 HPs)
             Began as a Gnoll Skald on Nov 18, 2019.
             Was a Follower of Hepliaklqana.
             Killed from afar by an orc (18 damage)
             ... with a bolt of acid
             ... on level 3 of the Dungeon on Nov 21, 2019.
             The game lasted 00:07:42 (1870 turns).

FishyPogo the Charmwright (Gnoll Skald)             Turns: 1870, Time: 00:07:43

Health: -7/38      AC:  3    Str: 14    XL:     5   Next: 30%
Magic:  12/12      EV: 14    Int: 15    God:    Hepliaklqana [*.....]
Gold:   177        SH:  3    Dex: 15    Spells: 3/14 levels left

rFire    . . .     SeeInvis +   a - +4 war axe
rCold    . . .     Gourm    .   (no shield)
rNeg     . . .     Faith    .   b - +0 leather armour
rPois    .         Spirit   .   (no helmet)
rElec    .         Reflect  +   (no cloak)
rCorr    .         Harm     .   (no gloves)
MR       .....                  (no boots)
Stlth    ++........             f - +3 amulet of reflection
HPRegen  0.12/turn              (no ring)
MPRegen  0.13/turn              u - ring of see invisible

@: no status effects
A: distributed training, reduced essence, fangs 1, strong nose
a: Recall Ancestor, Ancestor Identity, Renounce Religion


You were on level 3 of the Dungeon.
You worshipped Hepliaklqana.
Hepliaklqana was aware of your devotion.
You were not hungry.

You visited 1 branch of the dungeon, and saw 3 of its levels.

You collected 177 gold pieces.

Inventory:

Hand Weapons
 a - a +4 war axe (weapon)
 x - a +3 whip
Missiles
 j - 70 stones (quivered)
 s - 27 poisoned darts
Armour
 b - a +0 leather armour (worn)
Jewellery
 f - a +3 amulet of reflection (around neck)
 t - an uncursed amulet of rage
 u - a ring of see invisible (right hand)
Scrolls
 c - 2 scrolls of magic mapping {unknown}
 e - a scroll of teleportation {unknown}
 g - 2 scrolls of fog {unknown}
 i - 3 scrolls of identify {unknown}
 m - a scroll of enchant weapon {unknown}
 r - a scroll of immolation {unknown}
 w - a scroll of remove curse
Potions
 h - 2 potions of degeneration {unknown}
 k - a potion of brilliance {unknown}
 l - a potion of flight {unknown}
 o - 2 potions of curing {unknown}
 p - a potion of resistance {unknown}
 q - a potion of heal wounds {unknown}
 v - a potion of haste {unknown}
Comestibles
 d - 6 rations


   Skills:
 + Level 4.7 Fighting
 + Level 1.4 Short Blades
 + Level 1.4 Long Blades
 + Level 1.4 Axes
 + Level 1.4 Maces & Flails
 + Level 4.7 Polearms
 + Level 1.4 Staves
 + Level 1.4 Slings
 + Level 1.4 Bows
 + Level 1.4 Crossbows
 + Level 1.4 Throwing
 + Level 2.9 Armour
 + Level 4.7 Dodging
 + Level 1.4 Stealth
 + Level 1.4 Shields
 + Level 1.4 Unarmed Combat
 + Level 5.1 Spellcasting
 + Level 1.1 Conjurations
 + Level 1.1 Hexes
 + Level 5.5 Charms
 + Level 1.1 Summonings
 + Level 1.1 Necromancy
 + Level 1.1 Translocations
 + Level 1.1 Transmutations
 + Level 1.1 Fire Magic
 + Level 1.1 Ice Magic
 + Level 1.1 Air Magic
 + Level 1.1 Earth Magic
 + Level 1.1 Poison Magic
 + Level 1.5 Invocations
 + Level 1.4 Evocations


You had 3 spell levels left.
You knew the following spells:

 Your Spells              Type           Power        Failure   Level  Hunger
h - Regeneration          Chrm/Necr      ##........   16%         3    ###....
j - Spectral Weapon       Hex/Chrm       ##......     16%         3    ###....
p - Shroud of Golubria    Chrm/Tloc      ##....       8%          2    ##.....
u - Song of Slaying       Chrm           ###.....     3%          2    ##.....
y - Infusion              Chrm           ###.         1%          1    None

Your spell library contained the following spells:

 Spells                   Type           Power        Failure   Level  Hunger


Dungeon Overview and Level Annotations

Branches:
Dungeon (3/15)

Altars:
Hepliaklqana


Innate Abilities, Weirdness & Mutations

Your experience applies equally to all skills.
You have very sharp teeth.
Your uncanny sense of smell can sniff out nearby items.
Your life essence is reduced to manifest your ancestor. (-10% HP)


Message History

You slash the orc!
You kill the orc!
The orc misses you.
The orc zaps a wand.
The bolt of acid hits Amurritum!
Amurritum is splashed with acid.
The acid corrodes Amurritum!
Amurritum is destroyed!
The bolt of acid hits you!
You are splashed with acid!
* * * LOW HITPOINT WARNING * * *
The orc barely misses you.
You hit the orc.
The orc is moderately wounded.
The orc completely misses you.
You barely miss the orc. You bite the orc.
The orc is lightly wounded.
You hit the orc. The orc misses you. The orc barely misses you. x3
You barely miss the orc. Your bite misses the orc.
The orc is lightly wounded.
You hit the orc.
You kill the orc!
The orc zaps a wand.
The bolt of acid hits you!!
You die...

#.######....# #......
#.#...<.....# #......
#.#.####....# #...... #.#.#
#....# #......
#.#.####....##########....>. ###
#.#....'....'...............
..####.######....#####.......[...
.................$...............
................@o...............
.................................
...............#####..)........##
...............# #..........##.
....######'##### #..........#..
........##.# #.........##..
........##.# #.........#...
........##.# #.........#...
##......##.#################.#..#


You could see an orc.

Vanquished Creatures
  Jessica (D:2)
  3 adders
  An ooze (D:2)
  A worm (D:3)
  A dart slug (D:1)
  3 leopard geckos
  8 orcs (D:3)
  6 giant cockroaches
  4 goblins
  7 hobgoblins
  2 jackals (D:1)
  7 kobolds
  A quokka (D:2)
  2 ball pythons (D:2)
  8 bats
  4 frilled lizards
  8 rats
67 creatures vanquished.

Vanquished Creatures (collateral kills)
  A leopard gecko (D:3)
  A ball python (D:3)
  A bat (D:2)
  A goblin (D:3)
  A frilled lizard (D:3)
5 creatures vanquished.

Vanquished Creatures (others)
  An ancestor (D:3)
1 creature vanquished.

Grand Total: 73 creatures vanquished

Notes
Turn   | Place    | Note
-------+----------+-------------------------------------------
     0 | D:1      | FishyPogo the Gnoll Skald began the quest for the Orb.
     0 | D:1      | Reached XP level 1. HP: 20/20 MP: 6/6
    80 | D:1      | Reached XP level 2. HP: 25/26 MP: 7/7
   375 | D:1      | Reached XP level 3. HP: 25/31 MP: 5/9
   380 | D:1      | Learned a level 3 spell: Spectral Weapon
   448 | D:1      | Reached skill level 5 in Spellcasting
   852 | D:2      | Found a hazy altar of Hepliaklqana.
   859 | D:2      | Became a worshipper of Hepliaklqana the Forgotten
   916 | D:2      | Noticed Jessica
   925 | D:2      | Killed Jessica
   925 | D:2      | Reached skill level 1 in Short Blades
   925 | D:2      | Reached skill level 1 in Long Blades
   925 | D:2      | Reached skill level 1 in Axes
   925 | D:2      | Reached skill level 1 in Maces & Flails
   925 | D:2      | Reached skill level 1 in Staves
   925 | D:2      | Reached skill level 1 in Slings
   925 | D:2      | Reached skill level 1 in Bows
   925 | D:2      | Reached skill level 1 in Crossbows
   925 | D:2      | Reached skill level 1 in Throwing
   925 | D:2      | Reached skill level 1 in Stealth
   925 | D:2      | Reached skill level 1 in Shields
   925 | D:2      | Reached skill level 1 in Unarmed Combat
   925 | D:2      | Reached skill level 1 in Invocations
   925 | D:2      | Reached skill level 1 in Evocations
   925 | D:2      | Reached XP level 4. HP: 25/34 MP: 7/11
   930 | D:2      | Learned a level 3 spell: Regeneration
   933 | D:2      | Learned a level 2 spell: Song of Slaying
   936 | D:2      | Learned a level 2 spell: Shroud of Golubria
  1343 | D:3      | Upgraded the game from 0.24.0-35-gdb84b6a5db to
                  | 0.24.0-37-gcf1ca852f1
  1356 | D:3      | Found a faded altar of an unknown god.
  1471 | D:3      | Reached skill level 1 in Conjurations
  1471 | D:3      | Reached skill level 1 in Hexes
  1471 | D:3      | Reached skill level 1 in Summonings
  1471 | D:3      | Reached skill level 1 in Necromancy
  1471 | D:3      | Reached skill level 1 in Translocations
  1471 | D:3      | Reached skill level 1 in Transmutations
  1471 | D:3      | Reached skill level 1 in Fire Magic
  1471 | D:3      | Reached skill level 1 in Ice Magic
  1471 | D:3      | Reached skill level 1 in Air Magic
  1471 | D:3      | Reached skill level 1 in Earth Magic
  1471 | D:3      | Reached skill level 1 in Poison Magic
  1569 | D:3      | Reached XP level 5. HP: 22/38 MP: 12/12
  1739 | D:3      | Reached * piety under Hepliaklqana
  1870 | D:3      | Killed from afar by an orc

Levels and vault maps discovered:
D:1:      lemuel_arrival_lava_pool, layout_loops_ring, minmay_misc_feat_x,
          minmay_strange_pillars
D:2:      layout_basic, lemuel_round_altar, kennysheep_doodads, uniq_jessica
D:3:      layout_basic, chequers_ecumenical_altar_simple, first_ration,
          minmay_randomly_rotated_circles

Skill      XL: |  1  2  3  4 |
---------------+-------------+-----
Spellcasting   | 5 |  5.1
Short Blades   | 1 |  1.4
Long Blades    | 1 |  1.4
Axes           | 1 |  1.4
Maces & Flails | 1 |  1.4
Staves         | 1 |  1.4
Slings         | 1 |  1.4
Bows           | 1 |  1.4
Crossbows      | 1 |  1.4
Throwing       | 1 |  1.4
Stealth        | 1 |  1.4
Shields        | 1 |  1.4
Unarmed Combat | 1 |  1.4
Invocations    | 1 |  1.5
Evocations     | 1 |  1.4
Conjurations   | 1 |  1.1
Hexes          | 1 |  1.1
Summonings     | 1 |  1.1
Necromancy     | 1 |  1.1
Translocations | 1 |  1.1
Transmutations | 1 |  1.1
Fire Magic     | 1 |  1.1
Ice Magic      | 1 |  1.1
Air Magic      | 1 |  1.1
Earth Magic    | 1 |  1.1
Poison Magic   | 1 |  1.1
Fighting       | |  4.7
Polearms       | |  4.7
Armour         | |  2.9
Dodging        | |  4.7
Charms         | |  5.5

Action                   |  1- 3 |  4- 6 || total
-------------------------+-------+-------++-------
Melee: Dagger            |    75 |    20 ||    95
       Bite              |     5 |     6 ||    11
       War axe           |       |    47 ||    47
Throw: Stone             |       |     1 ||     1
 Cast: Infusion          |     1 |     1 ||     2
       Spectral Weapon   |     1 |     1 ||     2
       Shroud of Golubri |       |     2 ||     2
  Use: Scroll            |       |     1 ||     1
 Stab: Sleeping          |     1 |       ||     1
  Eat: Chunk             |    18 |       ||    18
Armor: Leather armour    |     7 |     5 ||    12
Dodge: Dodged            |    49 |    51 ||   100
Block: Other             |     1 |     6 ||     7
